Workbook

Sheet DASHBOARD
B3: Furniture sales | H3: INPUT YEAR TO VIEW :
H4: 2026
B6: TOTAL PROFIT SUMMARY | H6: YEARLY PROFIT SUMMARY
B7: TOTAL PROFIT | C7: TOTAL SALES | H7: YEARLY PROFIT | I7: YEARLY SALES | J7: YEARLY EXPENSE
H8: =I8-J8 -> 760 | I8: =SUMPRODUCT((YEAR(SALES!$B$6:$B$505)=H4)*SALES!$F$6:$F$505) -> 800 | J8: =SUMPRODUCT((YEAR(EXPENSE!$B$6:$B$505)=H4)*EXPENSE!$D$6:$D$505) -> 40
B9: =SALES!F506-EXPENSE!D506 -> 760 | C9: =SALES!F506 -> 800
D11: TOTAL EXPENSE | H11: DAILY PROFIT SUMMARY
H12: DAILY PROFIT | I12: DAILY SALES | J12: DAILY EXPENSE
D13: =EXPENSE!D506 -> 40 | H13: =I13-J13 -> 0 | I13: =SUMIF(SALES!$B$6:$B$505,TODAY(),SALES!$F$6:$F$505) -> 0 | J13: =SUMIF(EXPENSE!$B$6:$B$505,TODAY(),EXPENSE!$D$6:$D$505) -> 0
B16: MONTHLY PROFIT SUMMARY | H16: TOP 10 PRODUCT RANKING CHART SUMMARY
B17: MONTH | C17: MONTHLY EXPENSE | D17: MONTHLY SALES | E17: MONTHLY PROFIT
B18: January | C18: =SUMPRODUCT((YEAR(EXPENSE!$B$6:$B$505)=$H$4)*(MONTH(EXPENSE!$B$6:$B$505)=1)*EXPENSE!$D$6:$D$505) -> 0 | D18: =SUMPRODUCT((YEAR(SALES!$B$6:$B$505)=$H$4)*(MONTH(SALES!$B$6:$B$505)=1)*SALES!$F$6:$F$505) -> 0 | E18: =D18-C18 -> 0
B19: February | C19: =SUMPRODUCT((YEAR(EXPENSE!$B$6:$B$505)=$H$4)*(MONTH(EXPENSE!$B$6:$B$505)=2)*EXPENSE!$D$6:$D$505) -> 0 | D19: =SUMPRODUCT((YEAR(SALES!$B$6:$B$505)=$H$4)*(MONTH(SALES!$B$6:$B$505)=2)*SALES!$F$6:$F$505) -> 0 | E19: =D19-C19 -> 0
B20: March | C20: =SUMPRODUCT((YEAR(EXPENSE!$B$6:$B$505)=$H$4)*(MONTH(EXPENSE!$B$6:$B$505)=3)*EXPENSE!$D$6:$D$505) -> 0 | D20: =SUMPRODUCT((YEAR(SALES!$B$6:$B$505)=$H$4)*(MONTH(SALES!$B$6:$B$505)=3)*SALES!$F$6:$F$505) -> 0 | E20: =D20-C20 -> 0
B21: April | C21: =SUMPRODUCT((YEAR(EXPENSE!$B$6:$B$505)=$H$4)*(MONTH(EXPENSE!$B$6:$B$505)=4)*EXPENSE!$D$6:$D$505) -> 0 | D21: =SUMPRODUCT((YEAR(SALES!$B$6:$B$505)=$H$4)*(MONTH(SALES!$B$6:$B$505)=4)*SALES!$F$6:$F$505) -> 0 | E21: =D21-C21 -> 0
B22: May | C22: =SUMPRODUCT((YEAR(EXPENSE!$B$6:$B$505)=$H$4)*(MONTH(EXPENSE!$B$6:$B$505)=5)*EXPENSE!$D$6:$D$505) -> 40 | D22: =SUMPRODUCT((YEAR(SALES!$B$6:$B$505)=$H$4)*(MONTH(SALES!$B$6:$B$505)=5)*SALES!$F$6:$F$505) -> 800 | E22: =D22-C22 -> 760
B23: June | C23: =SUMPRODUCT((YEAR(EXPENSE!$B$6:$B$505)=$H$4)*(MONTH(EXPENSE!$B$6:$B$505)=6)*EXPENSE!$D$6:$D$505) -> 0 | D23: =SUMPRODUCT((YEAR(SALES!$B$6:$B$505)=$H$4)*(MONTH(SALES!$B$6:$B$505)=6)*SALES!$F$6:$F$505) -> 0 | E23: =D23-C23 -> 0
B24: July | C24: =SUMPRODUCT((YEAR(EXPENSE!$B$6:$B$505)=$H$4)*(MONTH(EXPENSE!$B$6:$B$505)=7)*EXPENSE!$D$6:$D$505) -> 0 | D24: =SUMPRODUCT((YEAR(SALES!$B$6:$B$505)=$H$4)*(MONTH(SALES!$B$6:$B$505)=7)*SALES!$F$6:$F$505) -> 0 | E24: =D24-C24 -> 0
B25: August | C25: =SUMPRODUCT((YEAR(EXPENSE!$B$6:$B$505)=$H$4)*(MONTH(EXPENSE!$B$6:$B$505)=8)*EXPENSE!$D$6:$D$505) -> 0 | D25: =SUMPRODUCT((YEAR(SALES!$B$6:$B$505)=$H$4)*(MONTH(SALES!$B$6:$B$505)=8)*SALES!$F$6:$F$505) -> 0 | E25: =D25-C25 -> 0
B26: September | C26: =SUMPRODUCT((YEAR(EXPENSE!$B$6:$B$505)=$H$4)*(MONTH(EXPENSE!$B$6:$B$505)=9)*EXPENSE!$D$6:$D$505) -> 0 | D26: =SUMPRODUCT((YEAR(SALES!$B$6:$B$505)=$H$4)*(MONTH(SALES!$B$6:$B$505)=9)*SALES!$F$6:$F$505) -> 0 | E26: =D26-C26 -> 0
B27: October | C27: =SUMPRODUCT((YEAR(EXPENSE!$B$6:$B$505)=$H$4)*(MONTH(EXPENSE!$B$6:$B$505)=10)*EXPENSE!$D$6:$D$505) -> 0 | D27: =SUMPRODUCT((YEAR(SALES!$B$6:$B$505)=$H$4)*(MONTH(SALES!$B$6:$B$505)=10)*SALES!$F$6:$F$505) -> 0 | E27: =D27-C27 -> 0
B28: November | C28: =SUMPRODUCT((YEAR(EXPENSE!$B$6:$B$505)=$H$4)*(MONTH(EXPENSE!$B$6:$B$505)=11)*EXPENSE!$D$6:$D$505) -> 0 | D28: =SUMPRODUCT((YEAR(SALES!$B$6:$B$505)=$H$4)*(MONTH(SALES!$B$6:$B$505)=11)*SALES!$F$6:$F$505) -> 0 | E28: =D28-C28 -> 0
B29: December | C29: =SUMPRODUCT((YEAR(EXPENSE!$B$6:$B$505)=$H$4)*(MONTH(EXPENSE!$B$6:$B$505)=12)*EXPENSE!$D$6:$D$505) -> 0 | D29: =SUMPRODUCT((YEAR(SALES!$B$6:$B$505)=$H$4)*(MONTH(SALES!$B$6:$B$505)=12)*SALES!$F$6:$F$505) -> 0 | E29: =D29-C29 -> 0
B32: TOP 10 PRODUCT RANKING | H32: MONTHLY SALES AND EXPENSE CHART SUMMARY
B33: PRODUCT/ITEM | C33: TOTAL SALES QUANTITY
B34: =IF(PRICE_LIST!B6="","",PRICE_LIST!B6) -> table | C34: =SUMIF(SALES!$C$6:$C$505,B34,SALES!$D$6:$D$505) -> 4
B35: =IF(PRICE_LIST!B7="","",PRICE_LIST!B7) | C35: =SUMIF(SALES!$C$6:$C$505,B35,SALES!$D$6:$D$505) -> 0
B36: =IF(PRICE_LIST!B8="","",PRICE_LIST!B8) | C36: =SUMIF(SALES!$C$6:$C$505,B36,SALES!$D$6:$D$505) -> 0
B37: =IF(PRICE_LIST!B9="","",PRICE_LIST!B9) | C37: =SUMIF(SALES!$C$6:$C$505,B37,SALES!$D$6:$D$505) -> 0
B38: =IF(PRICE_LIST!B10="","",PRICE_LIST!B10) | C38: =SUMIF(SALES!$C$6:$C$505,B38,SALES!$D$6:$D$505) -> 0
B39: =IF(PRICE_LIST!B11="","",PRICE_LIST!B11) | C39: =SUMIF(SALES!$C$6:$C$505,B39,SALES!$D$6:$D$505) -> 0
B40: =IF(PRICE_LIST!B12="","",PRICE_LIST!B12) | C40: =SUMIF(SALES!$C$6:$C$505,B40,SALES!$D$6:$D$505) -> 0
B41: =IF(PRICE_LIST!B13="","",PRICE_LIST!B13) | C41: =SUMIF(SALES!$C$6:$C$505,B41,SALES!$D$6:$D$505) -> 0
B42: =IF(PRICE_LIST!B14="","",PRICE_LIST!B14) | C42: =SUMIF(SALES!$C$6:$C$505,B42,SALES!$D$6:$D$505) -> 0
B43: =IF(PRICE_LIST!B15="","",PRICE_LIST!B15) | C43: =SUMIF(SALES!$C$6:$C$505,B43,SALES!$D$6:$D$505) -> 0

Sheet CAPITAL_WITHDRAWAL
B3: CAPITAL AND WITHDRAWAL SUMMARY | G3: TOTAL CAPITAL AND WITHDRAWAL
B5: DATE | C5: CAPITAL/WITHDRAWAL | D5: AMOUNT | E5: PAYMENT MODE | G5: TOTAL CAPITAL | H5: TOTAL WITHDRAWAL
B6: 46143 | C6: Capital | D6: 1000 | E6: Bank Transfer | G6: =SUMIF(C6:C105,"Capital",D6:D105) -> 1000 | H6: =SUMIF(C6:C105,"Withdrawal",D6:D105) -> 0
G9: TOTAL CASH ON HAND
G10: TOTAL PROFIT | H10: CASH ON HAND
G11: =SALES!F506-EXPENSE!D506 -> 760 | H11: =G6-G7+G11 -> 1760
G14: MOP LIST
G15: MODE | H15: BALANCE
G16: Cash | H16: =SUMIFS(CAPITAL_WITHDRAWAL!$D$6:$D$105,CAPITAL_WITHDRAWAL!$C$6:$C$105,"Capital",CAPITAL_WITHDRAWAL!$E$6:$E$105,"Cash")-SUMIFS(CAPITAL_WITHDRAWAL!$D$6:$D$105,CAPITAL_WITHDRAWAL!$C$6:$C$105,"Withdrawal",CAPITAL_WITHDRAWAL!$E$6:$E$105,"Cash")+SUMIF(SALES!$G$6:$G$505,"Cash",SALES!$F$6:$F$505)-SUMIF(EXPENSE!$E$6:$E$505,"Cash",EXPENSE!$D$6:$D$505) -> 0
G17: Bank Transfer | H17: =SUMIFS(CAPITAL_WITHDRAWAL!$D$6:$D$105,CAPITAL_WITHDRAWAL!$C$6:$C$105,"Capital",CAPITAL_WITHDRAWAL!$E$6:$E$105,"Bank Transfer")-SUMIFS(CAPITAL_WITHDRAWAL!$D$6:$D$105,CAPITAL_WITHDRAWAL!$C$6:$C$105,"Withdrawal",CAPITAL_WITHDRAWAL!$E$6:$E$105,"Bank Transfer")+SUMIF(SALES!$G$6:$G$505,"Bank Transfer",SALES!$F$6:$F$505)-SUMIF(EXPENSE!$E$6:$E$505,"Bank Transfer",EXPENSE!$D$6:$D$505) -> 1000
G18: GCash | H18: =SUMIFS(CAPITAL_WITHDRAWAL!$D$6:$D$105,CAPITAL_WITHDRAWAL!$C$6:$C$105,"Capital",CAPITAL_WITHDRAWAL!$E$6:$E$105,"GCash")-SUMIFS(CAPITAL_WITHDRAWAL!$D$6:$D$105,CAPITAL_WITHDRAWAL!$C$6:$C$105,"Withdrawal",CAPITAL_WITHDRAWAL!$E$6:$E$105,"GCash")+SUMIF(SALES!$G$6:$G$505,"GCash",SALES!$F$6:$F$505)-SUMIF(EXPENSE!$E$6:$E$505,"GCash",EXPENSE!$D$6:$D$505) -> 0
G19: PayPal | H19: =SUMIFS(CAPITAL_WITHDRAWAL!$D$6:$D$105,CAPITAL_WITHDRAWAL!$C$6:$C$105,"Capital",CAPITAL_WITHDRAWAL!$E$6:$E$105,"PayPal")-SUMIFS(CAPITAL_WITHDRAWAL!$D$6:$D$105,CAPITAL_WITHDRAWAL!$C$6:$C$105,"Withdrawal",CAPITAL_WITHDRAWAL!$E$6:$E$105,"PayPal")+SUMIF(SALES!$G$6:$G$505,"PayPal",SALES!$F$6:$F$505)-SUMIF(EXPENSE!$E$6:$E$505,"PayPal",EXPENSE!$D$6:$D$505) -> 0
G20: Credit Card | H20: =SUMIFS(CAPITAL_WITHDRAWAL!$D$6:$D$105,CAPITAL_WITHDRAWAL!$C$6:$C$105,"Capital",CAPITAL_WITHDRAWAL!$E$6:$E$105,"Credit Card")-SUMIFS(CAPITAL_WITHDRAWAL!$D$6:$D$105,CAPITAL_WITHDRAWAL!$C$6:$C$105,"Withdrawal",CAPITAL_WITHDRAWAL!$E$6:$E$105,"Credit Card")+SUMIF(SALES!$G$6:$G$505,"Credit Card",SALES!$F$6:$F$505)-SUMIF(EXPENSE!$E$6:$E$505,"Credit Card",EXPENSE!$D$6:$D$505) -> -40
G21: Check | H21: =SUMIFS(CAPITAL_WITHDRAWAL!$D$6:$D$105,CAPITAL_WITHDRAWAL!$C$6:$C$105,"Capital",CAPITAL_WITHDRAWAL!$E$6:$E$105,"Check")-SUMIFS(CAPITAL_WITHDRAWAL!$D$6:$D$105,CAPITAL_WITHDRAWAL!$C$6:$C$105,"Withdrawal",CAPITAL_WITHDRAWAL!$E$6:$E$105,"Check")+SUMIF(SALES!$G$6:$G$505,"Check",SALES!$F$6:$F$505)-SUMIF(EXPENSE!$E$6:$E$505,"Check",EXPENSE!$D$6:$D$505) -> 0

Sheet PRICE_LIST
B3: PRICE LIST | G3: CASH ON HAND
B5: PRODUCT/ITEM LIST | C5: COST | D5: SELLING | E5: PROFIT | G5: MODE OF PAYMENT LIST | H5: TOTAL
B6: table | C6: 100 | D6: 200 | E6: =D6-C6 -> 100 | G6: Cash | H6: =SUMIF(SALES!$G$6:$G$505,"Cash",SALES!$F$6:$F$505) -> 0
E7: =D7-C7 -> 0 | G7: Bank Transfer | H7: =SUMIF(SALES!$G$6:$G$505,"Bank Transfer",SALES!$F$6:$F$505) -> 0
E8: =D8-C8 -> 0 | G8: GCash | H8: =SUMIF(SALES!$G$6:$G$505,"GCash",SALES!$F$6:$F$505) -> 0
E9: =D9-C9 -> 0 | G9: PayPal | H9: =SUMIF(SALES!$G$6:$G$505,"PayPal",SALES!$F$6:$F$505) -> 0
E10: =D10-C10 -> 0 | G10: Credit Card | H10: =SUMIF(SALES!$G$6:$G$505,"Credit Card",SALES!$F$6:$F$505) -> 0
E11: =D11-C11 -> 0 | G11: Check | H11: =SUMIF(SALES!$G$6:$G$505,"Check",SALES!$F$6:$F$505) -> 0
E12: =D12-C12 -> 0
E13: =D13-C13 -> 0
E14: =D14-C14 -> 0
E15: =D15-C15 -> 0
E16: =D16-C16 -> 0
E17: =D17-C17 -> 0
E18: =D18-C18 -> 0
E19: =D19-C19 -> 0
E20: =D20-C20 -> 0
E21: =D21-C21 -> 0
E22: =D22-C22 -> 0
E23: =D23-C23 -> 0
... E105: =D105-C105 -> 0

Sheet SALES
B3: SALES TRACKER
B5: DATE | C5: PRODUCT/ITEM | D5: QUANTITY | E5: SELLING PRICE | F5: TOTAL AMOUNT | G5: MODE OF PAYMENT
B6: 46173 | C6: table | D6: 4 | E6: =IFERROR(VLOOKUP(C6,PRICE_LIST!$B$6:$D$105,3,FALSE),0) -> 200 | F6: =D6*E6 -> 800
E7: =IFERROR(VLOOKUP(C7,PRICE_LIST!$B$6:$D$105,3,FALSE),0) -> 0 | F7: =D7*E7 -> 0
E8: =IFERROR(VLOOKUP(C8,PRICE_LIST!$B$6:$D$105,3,FALSE),0) -> 0 | F8: =D8*E8 -> 0
E9: =IFERROR(VLOOKUP(C9,PRICE_LIST!$B$6:$D$105,3,FALSE),0) -> 0 | F9: =D9*E9 -> 0
E10: =IFERROR(VLOOKUP(C10,PRICE_LIST!$B$6:$D$105,3,FALSE),0) -> 0 | F10: =D10*E10 -> 0
E11: =IFERROR(VLOOKUP(C11,PRICE_LIST!$B$6:$D$105,3,FALSE),0) -> 0 | F11: =D11*E11 -> 0
E12: =IFERROR(VLOOKUP(C12,PRICE_LIST!$B$6:$D$105,3,FALSE),0) -> 0 | F12: =D12*E12 -> 0
E13: =IFERROR(VLOOKUP(C13,PRICE_LIST!$B$6:$D$105,3,FALSE),0) -> 0 | F13: =D13*E13 -> 0
E14: =IFERROR(VLOOKUP(C14,PRICE_LIST!$B$6:$D$105,3,FALSE),0) -> 0 | F14: =D14*E14 -> 0
E15: =IFERROR(VLOOKUP(C15,PRICE_LIST!$B$6:$D$105,3,FALSE),0) -> 0 | F15: =D15*E15 -> 0
E16: =IFERROR(VLOOKUP(C16,PRICE_LIST!$B$6:$D$105,3,FALSE),0) -> 0 | F16: =D16*E16 -> 0
E17: =IFERROR(VLOOKUP(C17,PRICE_LIST!$B$6:$D$105,3,FALSE),0) -> 0 | F17: =D17*E17 -> 0
E18: =IFERROR(VLOOKUP(C18,PRICE_LIST!$B$6:$D$105,3,FALSE),0) -> 0 | F18: =D18*E18 -> 0
... E505: =IFERROR(VLOOKUP(C505,PRICE_LIST!$B$6:$D$105,3,FALSE),0) -> 0 | F505: =D505*E505 -> 0
B506: TOTAL | F506: =SUM(F6:F505) -> 800

Sheet EXPENSE
B3: EXPENSE TRACKER
B5: DATE | C5: DESCRIPTION | D5: AMOUNT | E5: MODE OF PAYMENT
B6: 46173 | C6: Delivery service | D6: 40 | E6: Credit Card
B506: TOTAL | D506: =SUM(D6:D505) -> 40

Sheet INVENTORY
B3: STOCKS INVENTORY | G3: STOCKS IN
B5: ITEM/PRODUCT | C5: STOCKS IN | D5: STOCKS OUT | E5: AVAILABLE STOCKS | G5: DATE | H5: ITEM/PRODUCT | I5: STOCKS IN
B6: =IF(PRICE_LIST!B6="","",PRICE_LIST!B6) -> table | C6: =SUMIF($H$6:$H$205,B6,$I$6:$I$205) -> 20 | D6: =SUMIF(SALES!$C$6:$C$505,B6,SALES!$D$6:$D$505) -> 4 | E6: =C6-D6 -> 16 | G6: 46143 | H6: table | I6: 20
B7: =IF(PRICE_LIST!B7="","",PRICE_LIST!B7) | C7: =SUMIF($H$6:$H$205,B7,$I$6:$I$205) -> 0 | D7: =SUMIF(SALES!$C$6:$C$505,B7,SALES!$D$6:$D$505) -> 0 | E7: =C7-D7 -> 0
B8: =IF(PRICE_LIST!B8="","",PRICE_LIST!B8) | C8: =SUMIF($H$6:$H$205,B8,$I$6:$I$205) -> 0 | D8: =SUMIF(SALES!$C$6:$C$505,B8,SALES!$D$6:$D$505) -> 0 | E8: =C8-D8 -> 0
B9: =IF(PRICE_LIST!B9="","",PRICE_LIST!B9) | C9: =SUMIF($H$6:$H$205,B9,$I$6:$I$205) -> 0 | D9: =SUMIF(SALES!$C$6:$C$505,B9,SALES!$D$6:$D$505) -> 0 | E9: =C9-D9 -> 0
B10: =IF(PRICE_LIST!B10="","",PRICE_LIST!B10) | C10: =SUMIF($H$6:$H$205,B10,$I$6:$I$205) -> 0 | D10: =SUMIF(SALES!$C$6:$C$505,B10,SALES!$D$6:$D$505) -> 0 | E10: =C10-D10 -> 0
B11: =IF(PRICE_LIST!B11="","",PRICE_LIST!B11) | C11: =SUMIF($H$6:$H$205,B11,$I$6:$I$205) -> 0 | D11: =SUMIF(SALES!$C$6:$C$505,B11,SALES!$D$6:$D$505) -> 0 | E11: =C11-D11 -> 0
B12: =IF(PRICE_LIST!B12="","",PRICE_LIST!B12) | C12: =SUMIF($H$6:$H$205,B12,$I$6:$I$205) -> 0 | D12: =SUMIF(SALES!$C$6:$C$505,B12,SALES!$D$6:$D$505) -> 0 | E12: =C12-D12 -> 0
B13: =IF(PRICE_LIST!B13="","",PRICE_LIST!B13) | C13: =SUMIF($H$6:$H$205,B13,$I$6:$I$205) -> 0 | D13: =SUMIF(SALES!$C$6:$C$505,B13,SALES!$D$6:$D$505) -> 0 | E13: =C13-D13 -> 0
B14: =IF(PRICE_LIST!B14="","",PRICE_LIST!B14) | C14: =SUMIF($H$6:$H$205,B14,$I$6:$I$205) -> 0 | D14: =SUMIF(SALES!$C$6:$C$505,B14,SALES!$D$6:$D$505) -> 0 | E14: =C14-D14 -> 0
B15: =IF(PRICE_LIST!B15="","",PRICE_LIST!B15) | C15: =SUMIF($H$6:$H$205,B15,$I$6:$I$205) -> 0 | D15: =SUMIF(SALES!$C$6:$C$505,B15,SALES!$D$6:$D$505) -> 0 | E15: =C15-D15 -> 0
B16: =IF(PRICE_LIST!B16="","",PRICE_LIST!B16) | C16: =SUMIF($H$6:$H$205,B16,$I$6:$I$205) -> 0 | D16: =SUMIF(SALES!$C$6:$C$505,B16,SALES!$D$6:$D$505) -> 0 | E16: =C16-D16 -> 0
B17: =IF(PRICE_LIST!B17="","",PRICE_LIST!B17) | C17: =SUMIF($H$6:$H$205,B17,$I$6:$I$205) -> 0 | D17: =SUMIF(SALES!$C$6:$C$505,B17,SALES!$D$6:$D$505) -> 0 | E17: =C17-D17 -> 0
B18: =IF(PRICE_LIST!B18="","",PRICE_LIST!B18) | C18: =SUMIF($H$6:$H$205,B18,$I$6:$I$205) -> 0 | D18: =SUMIF(SALES!$C$6:$C$505,B18,SALES!$D$6:$D$505) -> 0 | E18: =C18-D18 -> 0
... B105: =IF(PRICE_LIST!B105="","",PRICE_LIST!B105) | C105: =SUMIF($H$6:$H$205,B105,$I$6:$I$205) -> 0 | D105: =SUMIF(SALES!$C$6:$C$505,B105,SALES!$D$6:$D$505) -> 0 | E105: =C105-D105 -> 0
